 Dungeon Crawl Stone Soup version 0.31.0-11-ge490571c62 (webtiles) character file.

Game seed: 3375996256879180159

1770974 krest9999 the Skinwalker (level 25, 319/319 HPs)
             Began as a Grey Draconian Shapeshifter on Jan 30, 2024.
             Was the Champion of Ru.
             Escaped with the Orb
             ... and 3 runes on Jan 31, 2024!
             The game lasted 03:09:04 (61322 turns).

krest9999 the Skinwalker (DrSh)                    Turns: 61322, Time: 03:09:05

Health: 319/319    AC: 28    Str: 32    XL:     25   Next: 28%
Magic:  9/9        EV: 19    Int:  9    God:    Ru [******]
Gold:   3657       SH:  0    Dex: 17    Spells: 24/24 levels left

rFire   + +          .
                       - Unarmed
rCold   . . .        S - melded +0 kite shield
rNeg    + + +        (body armour unavailable)
rPois   +            H - melded +2 hat
rElec   +            z - melded +2 cloak {rPois}
rCorr   .            x - melded +4 pair of gloves "Qibiole" {rC+}
SInv    .            Y - melded +2 pair of boots {Fly}
Will    +++++        h - amulet "Otsenieza" {*Slow rPois rN+++ Regen+ Int-4} Stlth
                     u - ring of the Skies Above {rF+ rC+ Will+++ Str+5 Stlth-}
HPRegen 1.53/turn    C - ring "Qaul" {Fire rElec Will+++ MP-9 Str-5}
MPRegen 0.11/turn

%: slow self (1%), clarity
@: dragon-form, flying, studying 2 skills
A: dragon claw, dragon scales, flying, boosted hp, AC +17, amphibious, giant,
unfitting armour, frail 1, low MP 2, (cold-blooded), no stealth, cowardly, no
ice magic, no alchemy magic, no translocations magic, inexperienced 1, clarity,
mutation resistance 1, (poison resistance), strong 1, inability to drink after
injury 2
0: Orb of Zot
}: 3/15 runes: decaying, abyssal, gossamer
a: Begin Untransformation, Renounce Religion, Draw Out Power, Power Leap,
Apocalypse


You escaped.
You worshipped Ru.
Ru was exalted by your worship.
You were a fearsome iron dragon!
You visited 10 branches of the dungeon, and saw 47 of its levels.
You visited the Abyss 1 time.
You visited 1 bazaar.
You also visited: Wizlab.

You collected 7204 gold pieces.
You spent 3547 gold pieces at shops.

Inventory:

Missiles
 K - 3 throwing nets
Armour
 d - a scarf of shadows
 v - the +3 pair of boots of the Saviour {rF+}
   (You acquired it on level 1 of the Realm of Zot)

   rF+:       It protects you from fire.
 x - the +4 pair of gloves "Qibiole" (melded) {rC+}
   (You acquired it on level 2 of the Orcish Mines)

   rC+:       It protects you from cold.
 z - a +2 cloak of poison resistance (melded)
 H - a +2 hat (melded)
 I - a scarf of resistance
 S - a +0 kite shield (melded)
 Y - a +2 pair of boots of flying (melded)
Jewellery
 e - a +4 ring of slaying
 h - the amulet "Otsenieza" (around neck) {*Slow rPois rN+++ Regen+ Int-4}
   (You acquired it on level 2 of the Orcish Mines)

   [amulet of regeneration]

   Int-4:     It affects your intelligence (-4).
   rPois:     It protects you from poison rN+++: It renders you almost immune to
   negative energy.
   Regen+:    It increases your rate of health regeneration.
   *Slow:     It may slow you when you take damage.
 t - a ring of protection from cold
 u - the ring of the Skies Above (left foreclaw) {rF+ rC+ Will+++ Str+5 Stlth-}
   (You bought it in a shop on level 9 of the Dungeon)

   [ring of protection from cold]

   Str+5:     It affects your strength (+5).
   rF+:       It protects you from fire.
   rC+:       It protects you from cold.
   Will+++:   It greatly increases your willpower.
   Stlth-:    It makes you less stealthy.
 C - the ring "Qaul" (right foreclaw) {Fire rElec Will+++ MP-9 Str-5}
   (You found it in a wizard's laboratory)

   [ring of fire]

   Fire:      It enhances your fire magic.
   Str-5:     It affects your strength (-5).
   rF+:       It protects you from fire.
   rC-:       It makes you vulnerable to cold.
   rElec:     It insulates you from electricity.
   Will+++:   It greatly increases your willpower.
   MP-9:      It affects your magic capacity (-9).
 J - the ring "Eceoro" {Fly rPois EV+5}
   (You bought it in a shop on level 9 of the Dungeon)

   [ring of evasion]

   EV+5:      It affects your evasion (+5).
   rPois:     It protects you from poison Fly: It grants you flight.
 L - a ring of protection from fire
 R - an amulet of reflection
 T - a ring of see invisible
 V - the ring "Kerag" {Wiz rCorr Dex+3}
   (You took it off an orc warrior on level 11 of the Dungeon)

   [ring of wizardry]

   Wiz:       It improves your spell success rate.
   Dex+3:     It affects your dexterity (+3).
   rCorr:     It protects you from acid and corrosion.
Talismans
 c - a flux talisman
 l - a storm talisman
 r - a dragon-blood talisman (active)
 O - a blade talisman
 W - a granite talisman
Wands
 q - a wand of light (32) (quivered)
 E - a wand of mindburst (35)
 Q - a wand of digging (20)
Scrolls
 f - 11 scrolls of fear
 g - 8 scrolls of teleportation
 i - a scroll of torment
 k - 5 scrolls of enchant armour
 n - a scroll of butterflies
 s - 8 scrolls of immolation
 y - a scroll of revelation
 A - 9 scrolls of blinking
 B - a scroll of silence
Potions
 a - 4 potions of lignification
 b - 6 potions of might
 j - 9 potions of cancellation
 m - 5 potions of haste
 o - 19 potions of curing
 p - 4 potions of enlightenment
 w - a potion of magic
 D - 2 potions of resistance
 M - 12 potions of heal wounds
 P - 4 potions of mutation
 U - 4 potions of invisibility
 X - 7 potions of attraction
 Z - 4 potions of berserk rage
Miscellaneous
 F - a tin of tremorstones (2/2)
 G - a box of beasts
 N - a phantom mirror


   Skills:
 * Level 21.8 Fighting
 + Level 20.7 Dodging
 - Level 11.2 Shields
 + Level 24.1 Unarmed Combat
 * Level 9.9 Evocations
 * Level 24.6 Shapeshifting


You had 24 spell levels left.
You didn't know any spells.
Your spell library contained the following spells:

 Spells                   Type           Power      Damage    Failure   Level
 Foxfire                  Conj/Fire      0%         2x1d4     38%         1
 Necrotise                Necr           0%         1d4       38%         1
 Shock                    Conj/Air       0%         1d3       38%         1
 Slow                     Hex            0%         N/A       38%         1
 Call Imp                 Summ           0%         N/A       52%         2
 Jinxbite                 Hex            0%         N/A       52%         2
 Scorch                   Fire           0%         2d5       52%         2
 Static Discharge         Conj/Air       0%         3-3/arc   52%         2
 Sublimation of Blood     Necr           0%         N/A       52%         2
 Fugue of the Fallen      Necr           0%         N/A       77%         3
 Passwall                 Erth           0%         N/A       77%         3
 Stone Arrow              Conj/Erth      0%         3d7       77%         3
 Swiftness                Air            0%         N/A       77%         3
 Tukima's Dance           Hex            0%         N/A       77%         3
 Vampiric Draining        Necr           0%         2d6       77%         3
 Airstrike                Air            0%         2d(0-16)  99%         4
 Animate Dead             Necr           0%         N/A       99%         4
 Cause Fear               Hex            0%         N/A       99%         4
 Dispel Undead            Necr           0%         3d6       99%         4
 Flame Wave               Conj/Fire      0%         2d4       99%         4
 Martyr's Knell           Necr/Summ      0%         N/A       99%         4
 Summon Lightning Spire   Summ/Air       0%         N/A       99%         4
 Arcjolt                  Conj/Air       0%         1d10      100%        5
 Borgnjor's Vile Clutch   Necr/Erth      0%         N/A       100%        5
 Curse of Agony           Necr           0%         N/A       100%        5
 Fireball                 Conj/Fire      0%         3d3       100%        5
 Lee's Rapid Deconstruct  Erth           0%         3d4*      100%        5
 Silence                  Hex/Air        0%         N/A       100%        5
 Conjure Ball Lightning   Conj/Air       0%         3x3d6     100%        6
 Death Channel            Necr           0%         N/A       100%        6
 Plasma Beam              Fire/Air       0%         2x1d10    100%        6
 Starburst                Conj/Fire      0%         6d3       100%        6
 Summon Cactus Giant      Summ           0%         N/A       100%        6
 Haunt                    Necr/Summ      0%         N/A       100%        7
 Summon Hydra             Summ           0%         N/A       100%        7
 Discord                  Hex            0%         N/A       100%        8
 Ignition                 Fire           0%         3d3       100%        8
 Infestation              Necr           0%         N/A       100%        8
 Lehudib's Crystal Spear  Conj/Erth      0%         10d2      100%        8
 Death's Door             Necr           0%         N/A       100%        9
 Dragon's Call            Summ           0%         N/A       100%        9
 Shatter                  Erth           0%         3d5*      100%        9
 Apportation              Tloc           Unusable   N/A       N/A         1
 Cigotuvi's Dreadful Rot  Necr/Alch/Air  Unusable   N/A       N/A         2
 Ensorcelled Hibernation  Hex/Ice        Unusable   N/A       N/A         2
 Ozocubu's Armour         Ice            Unusable   N/A       N/A         3
 Animate Armour           Summ/Erth      Unusable   N/A       N/A         4
 Dimensional Bullseye     Hex/Tloc       Unusable   N/A       N/A         4
 Ignite Poison            Fire/Alch      Unusable   N/A       N/A         4
 Iskenderun's Mystic Bla  Conj/Tloc      Unusable   2d3       N/A         4
 Manifold Assault         Tloc           Unusable   N/A       N/A         4
 Passage of Golubria      Tloc           Unusable   N/A       N/A         4
 Sticky Flame             Fire/Alch      Unusable   2d4       N/A         4
 Alistair's Intoxication  Alch           Unusable   N/A       N/A         5
 Freezing Cloud           Conj/Ice/Air   Unusable   6-21      N/A         5
 Disjunction              Tloc           Unusable   N/A       N/A         8

Dungeon Overview and Level Annotations

Branches:
Dungeon (15/15)            Temple (1/1) D:4            Lair (5/5) D:11
  Swamp (4/4) Lair:2       Spider (4/4) Lair:3        Slime (0/5) Lair:5
    Orc (2/2) D:12            Elf (3/3) Orc:2        Vaults (4/5) D:13
  Crypt (0/3) Vaults:3     Depths (4/4) D:15            Zot (5/5) Depths:4
 WizLab (visited)

Altars:
Ashenzari
Cheibriados
Dithmenos
Elyvilon
Fedhas
Gozag
Hepliaklqana
Kikubaaqudgha
Makhleb
Nemelex Xobeh
Okawaru
Qazlal
Ru
Sif Muna
Trog
Uskayaw
Vehumet
Wu Jian
Xom
Yredelemnul
Zin
The Shining One
Lugonu

Shops:
D:7 !   D:9 =   Orc:2 ?((*   Vaults:1 *   Vaults:2 [:!   Vaults:3 =**=
Vaults:4 *

Portals:
Hell: Depths:1 Depths:2 Depths:3 Depths:4
Abyss: Depths:1 Depths:3
Pandemonium: Depths:2
Ziggurat: Depths:2

Annotations:
Lair:3 exclusion: 2 oklob plants
Swamp:1 1 runed translucent door, heinrich's ghost, journeyman GrFi
Vaults:4 1 runed translucent door, Adoajy's ghost, adept DsWr


Innate Abilities, Weirdness & Mutations

You are a fearsome iron dragon!
You have a powerful clawing attack.
Your giant scaled body is strong and resilient, but less evasive.
You are flying.
Your maximum health is greatly increased.
Your armour is entirely melded.
You are incapable of wielding weapons or throwing items.
Your dull iron-grey scales are very hard. (AC +17)
You are amphibious.
You cannot fit into any form of body armour.
You are frail. (-10% HP)
Your magical capacity is very low. (-20% MP)
((You are cold-blooded and may be slowed by cold attacks.))
You cannot be stealthy.
Your cowardice makes you less effective in combat with threatening foes.
You cannot study or cast Ice magic.
You cannot study or cast Alchemy magic.
You cannot study or cast Translocations magic.
You are somewhat inexperienced. (-1 XL)
You possess an exceptional clarity of mind.
You are somewhat resistant to further mutation.
((Your system is resistant to poisons. (rPois)))
Your muscles are strong. (Str +4, Int/Dex -1)
You sometimes lose the ability to drink potions when taking damage.


Message History

You see here a +3 hand axe.
Items here: )) [[.
You see here a +0 short sword of venom.
You see here a +0 short sword.
There is a stone staircase leading up here.
You fly upwards.
There is a stone staircase leading down here.
There is a stone staircase leading up here.
You fly upwards.
There is a stone staircase leading down here.
Aiming: Dig
Press: ? - help, Shift-Dir - straight line You can't see that place. [the floor.]
The rock shatters into small pieces.
There is a stone staircase leading up here.
You fly upwards.
There is a stone staircase leading down here.
There is an escape hatch in the ceiling here.
A mysterious force pulls you upwards. The hatch slams shut behind you.
There is a stone staircase leading up here.
You fly upwards.
There is a stone staircase leading down here.
There is a stone staircase leading up here.
You fly upwards.
There is a stone staircase leading down here.
There is a stone staircase leading up here.
You fly upwards.
There is a stone staircase leading down here.
There is a stone staircase leading up here.
You fly upwards.
There is a stone staircase leading down here.
Aiming: Dig
Press: ? - help, Shift-Dir - straight line You can't see that place. [the floor.]
The rock shatters into small pieces.
A Hell Sentinel comes into view.
There is a staircase leading out of the dungeon here.
You have escaped!

.......####.# #.........#......
###.........# #.........#......
..........#######.........###....
..........................##.....
..................######..##.....
#.#..#.#.###############.........
.....#.#.#.............#...##....
#.#.##.#.#.............#...##....
.......#.#......D......#.........
#.#.##.#.#.............#...##.###
....##.#.#....)........#.......##
.........######.⌠.#.####.........
....##.### #...#.#............
....##.##### #.⌠.##..#.##.#.#.##
....##.....# #.1.##....##.#.#.##
###.##.....# #.⌠.#.#.......^..##
.##..#.....# #...#.#>..##.#+#.##


You could see a Hell Sentinel.

Vanquished Creatures
  4 dread liches (Zot:5)
  6 orbs of fire
  2 ancient liches (Zot:5)
  A juggernaut (Depths:4)
  Vv (Zot:1)
  4 Killer Klowns
  The ghost of Netoqem the Fencer, a veteran BaIE of Cheibriados (Depths:4)
  The ghost of Qiwept the Fencer, a veteran BaIE of Cheibriados (Depths:4)
  5 curse toes
  12 golden dragons
  Margery (Depths:1)
  Nikola (Depths:2)
  An iron giant (Depths:4)
  3 bone dragons
  A Brimstone Fiend (Depths:3)
  4 electric golems
  A hellephant (Depths:1)
  Rupert (D:15)
  17 tentacled monstrosities
  Jorgrun (D:12)
  5 liches
  4 deep elf master archers (Elf:3)
  3 deep elf blademasters
  26 Orb Guardians
  3 quicksilver dragons
  5 sphinxes
  10 death cobs
  The ghost of zkyp the Impregnable, an adept BaBe of Trog (Swamp:4)
  4 ancient champions
  2 tengu reavers (Depths:4)
  2 thorn hunters
  A tentacled starspawn (Abyss:3)
  The ghost of Himmaryad the Brawler, an adept TrMo of Nemelex Xobeh (Depths:4)
  15 storm dragons
  11 draconian knights
  7 shadow dragons
  7 protean progenitors
  8 fire giants
  6 frost giants
  4 draconian monks
  2 iron dragons
  5 deep elf sorcerers
  11 draconian scorchers
  7 draconian shifters
  Louise (D:14)
  2 deep elf elementalists (Elf:3)
  2 ghouls (Swamp:2)
  4 emperor scorpions
  10 vault wardens
  The ghost of Tommers the Divine Blade, a journeyman DgDe (Elf:1)
  12 ghost moths
  An angel (WizLab)
  A juggernaut zombie (Depths:2)
  2 spriggan defenders (Depths:1)
  25 ironbound preservers
  10 broodmothers
  5 draconian annihilators
  3 draconian stormcallers
  12 stone giants
  8 deep elf death magi
  10 ironbound thunderhulks
  4 eleionomae
  2 cacodemons (Depths:3)
  19 very ugly things
  3 juggernaut skeletons (Depths:2)
  Nessos (D:12)
  5 vampire knights
  Azrael (D:12)
  17 green draconians
  7 deep elf annihilators
  2 formless jellyfish
  3 bunyips
  15 deep elf demonologists
  20 white draconians
  13 yellow draconians
  2 war gargoyles
  6 dire elephants
  3 spark wasps
  8 purple draconians
  9 black draconians
  6 crystal guardians
  10 red draconians
  2 blizzard demons (Depths:3)
  6 ettins
  A fire dragon (Depths:1)
  3 jiangshi (Depths:1)
  Josephine (D:11)
  2 green deaths
  A merfolk impaler (Depths:4)
  6 deep elf high priests
  8 entropy weavers
  8 yaktaur captains
  17 hydras
  A quicksilver dragon skeleton (Depths:2)
  2 jorogumos (Spider:2)
  6 vault guards
  A shambling mangrove (Swamp:4)
  A caustic shrike simulacrum (Depths:1)
  5 rakshasas
  10 great orbs of eyes
  10 ice dragons
  8 peacekeepers
  A catoblepas (Lair:2)
  An ogre mage (Vaults:4)
  4 ghost crabs
  5 alligators
  12 centaur warriors
  6 ironbound frosthearts
  A merfolk avatar (Lair:5)
  A salamander tyrant (WizLab)
  A sphinx skeleton (Depths:2)
  4 radroaches
  3 two-headed ogres
  4 boulder beetles
  23 dancing weapons
  3 death yaks
  9 deep troll shamans
  7 demonic crawlers
  10 tengu warriors
  2 vampire magi
  8 deep troll earth magi
  6 orc high priests
  2 spriggan berserkers (Depths:1)
  6 occultists
  A thrashing horror (Abyss:3)
  24 hell knights
  12 deep elf knights
  2 sun demons (Zot:3)
  3 skysharks
  4 fire crabs (Lair:4)
  7 pharaoh ants
  10 skeletal warriors
  4 spriggans
  A fire crab (shapeshifter) (D:15)
  A sea snake (Lair:5)
  9 iron trolls
  2 sixfirhies
  5 spatial maelstroms (Abyss:3)
  A large abomination (Abyss:3)
  9 orb spiders
  4 flayed ghosts
  Lodul (D:11)
  4 goliath frogs
  A glowing orange brain (Vaults:1)
  7 spriggan druids
  18 ironbound convokers
  88 deep trolls
  7 arcanists
  4 bog bodies
  6 steelbarb worms
  7 swamp dragons
  12 deep elf archers
  9 lindwurms
  Pikel (D:8)
  2 lightning spires (WizLab)
  2 starcursed masses (Abyss:3)
  6 orc knights
  29 deep elf pyromancers
  3 phantasmal warriors
  A harpy (Lair:5)
  7 necromancers
  27 deep elf zephyrmancers
  3 will-o-the-wisps
  A tengu skeleton (Depths:2)
  35 ugly things
  3 cyclopes
  23 wolf spiders
  Maurice (D:11)
  2 iron dragon skeletons
  4 salamanders (WizLab)
  21 moths of wrath
  3 manticores
  6 elephants
  7 meliai
  2 worldbinders (Abyss:3)
  4 kobold blastminers
  A black mamba (shapeshifter) (Elf:3)
  6 black mambas
  16 vault sentinels
  An apocalypse crab (Lair:4)
  3 molten gargoyles (WizLab)
  5 gargoyles (WizLab)
  A kobold demonologist (D:11)
  6 torpor snails
  12 cane toads
  A freezing wraith (Vaults:3)
  4 komodo dragons
  3 tengu conjurers
  2 hellions (Zot:4)
  A rime drake (Lair:5)
  24 yaktaurs
  Psyche (D:8)
  2 tormentors (Abyss:3)
  A golden dragon simulacrum (Depths:2)
  10 trolls
  A queen bee (Spider:1)
  6 polar bears
  2 ancient zymes (Abyss:3)
  A queen bee (shapeshifter) (D:14)
  8 hornets
  A troll (shapeshifter) (D:12)
  3 merfolk
  A wind drake (Lair:5)
  9 tyrant leeches
  14 tarantellas
  8 dream sheep
  A human simulacrum (Vaults:4)
  A snapping turtle (Lair:5)
  A shadow dragon simulacrum (Vaults:4)
  29 blink frogs
  A stone giant simulacrum (Depths:1)
  5 air elementals
  A centaur simulacrum (D:14)
  24 jumping spiders
  Sigmund (D:4)
  A shadow (D:11)
  8 wraiths
  A vampire (D:14)
  49 yaks
  16 culicivoras
  7 water elementals
  2 small abominations (Abyss:3)
  A yak (shapeshifter) (Abyss:3)
  4 wyverns
  A ynoxinul (Depths:3)
  29 slime creatures
  A golden eye (shapeshifter) (D:14)
  41 redbacks
  3 vampire mosquitoes (D:14)
  8 wargs
  9 fire elementals
  4 basilisks
  Menkaure (D:6)
  12 spatial vortices (Abyss:3)
  3 steam dragons
  An acid dragon (shapeshifter) (D:14)
  10 water moccasins
  A glowing shapeshifter zombie (Vaults:4)
  16 swamp worms
  Duvessa (D:5)
  2 hell hounds (D:12)
  7 swamp drakes (Swamp:4)
  43 orc warriors
  4 black bears
  3 laughing skulls
  2 human zombies (Vaults:4)
  3 boggarts (Vaults:3)
  12 wolves
  13 ogres
  12 centaurs
  2 lemures (D:7)
  7 kobold brigands
  2 gnoll sergeants
  13 bullfrogs
  A necrophage (Swamp:2)
  2 scorpions (D:6)
  8 earth elementals
  Dowan (D:5)
  3 wights (D:8)
  11 killer bees (Spider:1)
  6 electric eels
  A crimson imp (D:12)
  8 howler monkeys
  4 jellies
  2 bombardier beetles
  24 orc priests
  A gnoll bouda (D:6)
  6 hounds
  2 sleepcaps
  8 iguanas
  23 orc wizards
  7 hell rats (Lair:2)
  10 gnolls
  13 river rats (Lair:2)
  5 adders
  A shadow imp (D:8)
  2 white imps
  4 ufetubi
  92 orcs
  3 endoplasms
  A giant cockroach (D:4)
  5 goblins
  9 hobgoblins
  4 jackals (D:2)
  8 quokkas
  A ball python (D:2)
  4 bats (D:2)
  3 frilled lizards
  21 kobolds
  14 rats
  3 aspiring fleshes
  A spectral weapon (Elf:2)
2052 creatures vanquished.

Vanquished Creatures (others)
  A fenstrider witch (Swamp:1)
  A deep elf annihilator (Elf:3)
  A yellow draconian (Zot:1)
  A radroach (Spider:1)
  2 hydras
  An alligator (Swamp:3)
  A boulder beetle (Lair:5)
  A deep troll earth mage (Depths:3)
  2 deep elf knights
  A spatial maelstrom (Abyss:3)
  A goliath frog (Swamp:4)
  A pharaoh ant (Spider:4)
  4 deep trolls
  A swamp dragon (Swamp:4)
  A lindwurm (Vaults:1)
  2 deep elf zephyrmancers (Elf:1)
  2 bloated husks
  4 tarantellas
  A hornet (Swamp:4)
  2 blink frogs
  An air elemental (Elf:1)
  A spriggan (Swamp:1)
  A redback (Spider:2)
  2 steam dragons (Zot:2)
  2 ogres
  A gnoll (D:7)
  3 orcs
  A rat (Lair:2)
  8 foxfires
51 creatures vanquished.

Grand Total: 2103 creatures vanquished

Notes
Turn   | Place    | Note
-------+----------+-------------------------------------------
     0 | D:1      | krest9999 the Draconian Shapeshifter began the quest for
                  | the Orb.
     0 | D:1      | Reached XP level 1. HP: 16/16 MP: 1/1
   244 | D:1      | Found a faded altar of an unknown god.
   293 | D:1      | Reached XP level 2. HP: 19/23 MP: 2/2
   748 | D:2      | Got Worhog's Catalogue of Felsic Left-Handed Liturgies
   961 | D:2      | Reached XP level 3. HP: 28/28 MP: 3/3
  1722 | D:3      | Reached XP level 4. HP: 36/36 MP: 4/4
  2339 | D:4      | Found a sacrificial altar of Ru.
  2339 | D:4      | Found a stormy altar of Qazlal.
  2547 | D:4      | Reached XP level 5. HP: 32/41 MP: 5/5
  2845 | D:4      | Noticed Sigmund
  2857 | D:4      | Killed Sigmund
  2858 | D:4      | Reached skill level 5 in Unarmed Combat
  2858 | D:4      | Reached XP level 6. HP: 36/50 MP: 6/6
  3027 | D:4      | HP: 2/50 [orc priest/divine providence (16)]
  3325 | D:4      | Found a staircase to the Ecumenical Temple.
  3331 | Temple   | Entered the Ecumenical Temple
  3344 | D:4      | Found a broken altar of Ashenzari.
  3430 | D:5      | Entered Level 5 of the Dungeon
  3643 | D:5      | Noticed Duvessa
  3644 | D:5      | Noticed Dowan
  3652 | D:5      | Killed Duvessa
  3653 | D:5      | Your scales start taking on a dull iron-grey colour.
  3653 | D:5      | Reached XP level 7. HP: 54/57 MP: 7/7
  3662 | D:5      | Killed Dowan
  3947 | D:4      | Became a worshipper of Ru the Awakened
  4016 | D:5      | Reached skill level 5 in Shapeshifting
  4081 | D:5      | You fall into a shaft and drop 3 floors!
  4525 | D:6      | Noticed Menkaure
  4542 | D:6      | Reached XP level 8. HP: 39/66 MP: 8/8
  4545 | D:6      | Killed Menkaure
  4696 | D:6      | Found a snail-covered altar of Cheibriados.
  4730 | D:6      | Found a glowing silver altar of Zin.
  5186 | D:6      | Found a blossoming altar of Fedhas.
  5549 | D:7      | Found Micaf's Distillery.
  5557 | D:7      | Bought a potion of resistance for 110 gold pieces
  5557 | D:7      | Bought a potion of degeneration for 11 gold pieces
  5557 | D:7      | Bought a potion of cancellation for 88 gold pieces
  5574 | D:7      | Gained mutation: You cannot study or cast Ice magic. [Ru
                  | sacrifice]
  5574 | D:7      | Gained mutation: You cannot study or cast Alchemy magic.
                  | [Ru sacrifice]
  5574 | D:7      | Gained mutation: You cannot study or cast Translocations
                  | magic. [Ru sacrifice]
  5574 | D:7      | Reached * piety under Ru
  5731 | D:7      | Reached skill level 5 in Fighting
  5814 | D:7      | Found an opulent altar of Gozag.
  6159 | D:7      | Found a shimmering blue altar of Sif Muna.
  6270 | D:8      | Noticed Pikel
  6435 | D:8      | Reached XP level 9. HP: 51/74 MP: 9/9
  6440 | D:8      | Noticed Psyche
  6450 | D:8      | Killed Psyche
  6834 | D:8      | Killed Pikel
  7580 | D:9      | Reached skill level 10 in Unarmed Combat
  7628 | D:9      | Reached skill level 5 in Dodging
  7656 | D:9      | Reached XP level 10. HP: 66/84 MP: 10/10
  7796 | D:9      | Found a burning altar of Makhleb.
  7942 | D:9      | Found Fekevvik's Jewellery Emporium.
  8219 | D:9      | Gained mutation: Your cowardice makes you less effective in
                  | combat with threatening foes. [Ru sacrifice]
  8219 | D:9      | Reached ** piety under Ru
  8241 | D:10     | Entered Level 10 of the Dungeon
  9323 | D:11     | Noticed Maurice
  9345 | D:11     | Paralysed by Maurice for 4 turns
  9352 | D:11     | Paralysed by something for 2 turns
  9355 | D:11     | Killed Maurice
  9400 | D:11     | Noticed an elephant
  9400 | D:11     | Noticed Josephine
  9400 | D:11     | Found a staircase to the Lair.
  9438 | D:11     | Noticed Lodul
  9676 | D:11     | Noticed a manticore
  9684 | D:11     | Killed a manticore
  9685 | D:11     | Reached XP level 11. HP: 69/94 MP: 11/11
 10129 | D:11     | Killed Lodul
 10140 | D:11     | Reached skill level 1 in Shields
 10458 | D:11     | Killed Josephine
 10461 | D:11     | Noticed a two-headed ogre
 10476 | D:11     | Killed a two-headed ogre
 10754 | D:11     | Identified the ring "Kerag" {Wiz rCorr Dex+3}
 10965 | D:12     | Gained mutation: You are somewhat inexperienced. (-1 XL)
                  | [Ru sacrifice]
 10965 | D:12     | Reached XP level 10. HP: 80/90 MP: 10/10
 10965 | D:12     | Reached *** piety under Ru
 10965 | D:12     | Reached **** piety under Ru
 11110 | D:12     | Noticed a purple ugly thing
 11127 | D:12     | Killed a green ugly thing
 11185 | D:12     | Noticed a white ugly thing
 11194 | D:12     | Killed a cyan ugly thing
 11652 | D:12     | Noticed Jorgrun
 11676 | D:12     | Killed Jorgrun
 11677 | D:12     | Reached skill level 10 in Shapeshifting
 11677 | D:12     | Reached XP level 11. HP: 36/97 MP: 11/11
 12035 | D:12     | Found a staircase to the Orcish Mines.
 12048 | D:12     | Noticed Azrael
 12060 | D:12     | Noticed Nessos
 12110 | D:12     | Killed Nessos
 12745 | D:12     | Killed Azrael
 13054 | D:9      | Bought the ring "Eceoro" {Fly rPois EV+5} for 591 gold
                  | pieces
 13130 | Lair:1   | Entered Level 1 of the Lair of Beasts
 13643 | Lair:1   | Gained mutation: You are frail. (-10% HP) [Ru sacrifice]
 13643 | Lair:1   | Reached ***** piety under Ru
 13994 | Lair:2   | Found a staircase to the Swamp.
 14116 | Lair:2   | Reached skill level 10 in Fighting
 14968 | Lair:2   | Noticed a catoblepas
 14987 | Lair:2   | Killed a catoblepas
 15022 | Lair:2   | Reached XP level 12. HP: 81/96 MP: 12/12
 15424 | Lair:3   | Found a hole to the Spider Nest.
 16324 | Lair:3   | Reached skill level 15 in Unarmed Combat
 16583 | Lair:3   | Found a blossoming altar of Fedhas.
 17314 | Lair:4   | Found a runed translucent door.
 17452 | Lair:4   | Identified the +2 spear of Attainder {vamp, +Blink Fly
                  | rElec Int+2}
 17974 | Orc:1    | Entered Level 1 of the Orcish Mines
 18588 | Orc:1    | Found a bloodstained altar of Trog.
 18851 | Orc:2    | Entered Level 2 of the Orcish Mines
 18938 | Orc:2    | Found a staircase to the Elven Halls.
 20530 | Orc:2    | Reached XP level 13. HP: 67/96 MP: 13/13
 20882 | Orc:2    | Gained mutation: You occasionally lose the ability to read
                  | scrolls when taking damage. [a neqoxec]
 21113 | Orc:2    | Found Koamux Gany's General Store.
 21116 | Orc:2    | Found Jibosef's Weapon Shoppe.
 21117 | Orc:2    | Found Reisa's Magic Scroll Shoppe.
 21118 | Orc:2    | Found Oplihuar's Antique Weapon Emporium.
 21281 | D:9      | Bought the ring of the Skies Above {rF+ rC+ Will+++ Str+5
                  | Stlth-} for 913 gold pieces
 21450 | Orc:2    | Bought a scroll of identify for 28 gold pieces
 21450 | Orc:2    | Bought a scroll of identify for 28 gold pieces
 21450 | Orc:2    | Identified 2 scrolls of acquirement
 21452 | Orc:2    | Acquired the +4 pair of gloves "Qibiole" {rC+}
 21466 | Orc:2    | Acquired the amulet "Otsenieza" {*Slow rPois rN+++ Regen+
                  | Int-4}
 21654 | Lair:5   | Entered Level 5 of the Lair of Beasts
 21706 | Lair:4   | Identified the +2 leather armour of Pantheism {Will- Str+3
                  | Int+4 Dex+2}
 22387 | Lair:4   | Got the Folio of Turbulent Debased Rituals
 23147 | Lair:5   | Found a staircase to the Slime Pits.
 23522 | Orc:2    | Bought a scroll of blinking for 105 gold pieces
 23522 | Orc:2    | Bought a scroll of identify for 28 gold pieces
 23526 | Orc:2    | Bought a scroll of identify for 34 gold pieces
 23710 | D:13     | Reached XP level 14. HP: 99/108 MP: 14/14
 23913 | D:13     | Found a gate to the Vaults.
 24150 | D:14     | Noticed Louise
 24171 | D:14     | Killed Louise
 24836 | D:15     | Entered Level 15 of the Dungeon
 24836 | D:15     | Noticed Rupert
 25127 | D:15     | Killed Rupert
 25383 | D:15     | Reached skill level 10 in Dodging
 25666 | D:15     | Found a staircase to the Depths.
 25895 | Spider:1 | Entered Level 1 of the Spider Nest
 25903 | Lair:3   | Gained mutation: You cannot be stealthy. [Ru sacrifice]
 27106 | Spider:2 | Noticed an emperor scorpion
 27572 | Spider:2 | Reached XP level 15. HP: 113/114 MP: 15/15
 29168 | Spider:3 | Gained mutation: Your magical capacity is low. (-10% MP)
                  | [Ru sacrifice]
 29668 | Spider:4 | Entered Level 4 of the Spider Nest
 29895 | Spider:4 | Reached skill level 15 in Shapeshifting
 30927 | Spider:4 | Reached XP level 16. HP: 124/132 MP: 14/14
 31287 | Spider:4 | Got a gossamer rune of Zot
 31492 | Swamp:1  | Entered Level 1 of the Swamp
 31571 | Swamp:1  | Reached skill level 15 in Fighting
 31767 | Swamp:1  | Gained mutation: Your magical capacity is very low. (-20%
                  | MP) [Ru sacrifice]
 31767 | Swamp:1  | Reached ****** piety under Ru
 32000 | Swamp:1  | Found a runed translucent door.
 32011 | Swamp:1  | Noticed heinrich's ghost (journeyman GrFi)
 32011 | Swamp:1  | Identified the +8 trident of Autumn {protect, ^Contam Str+8
                  | Int+5}
 32220 | Swamp:2  | Noticed a tentacled monstrosity
 32253 | Swamp:2  | Killed a tentacled monstrosity
 33106 | Swamp:3  | Noticed a tentacled monstrosity
 33143 | Swamp:3  | Killed a tentacled monstrosity
 33285 | Swamp:3  | Identified the +8 short sword "Uppell" {vamp, Fly rElec rN+
                  | Stlth-}
 33356 | Swamp:3  | Reached skill level 15 in Dodging
 33489 | Swamp:4  | Entered Level 4 of the Swamp
 34020 | Swamp:4  | Paralysed by a hornet for 2 turns
 34199 | Swamp:4  | Noticed zkyp's ghost (adept BaBe)
 34200 | Swamp:4  | Found a runed translucent door.
 34282 | Swamp:4  | Got a decaying rune of Zot
 34405 | Swamp:4  | Killed zkyp's ghost
 34647 | Vaults:1 | Entered Level 1 of the Vaults
 34703 | D:13     | Reached XP level 17. HP: 82/134 MP: 13/13
 35331 | Vaults:1 | Reached XP level 18. HP: 150/150 MP: 14/14
 36218 | Vaults:1 | Found Yrattey's General Store.
 36226 | Vaults:1 | Bought a potion of heal wounds for 70 gold pieces
 36758 | Elf:1    | Entered Level 1 of the Elven Halls
 36804 | Elf:1    | Found a magical portal.
 36811 | WizLab   | Entered Maxwell's Workshop
 37023 | WizLab   | Found the +15 Maxwell's patent armour {-Cast -Tele rElec
                  | Will+ rCorr}
 37040 | WizLab   | Identified the ring "Qaul" {Fire rElec Will+++ MP-9 Str-5}
 37359 | WizLab   | Noticed an electric golem
 37438 | WizLab   | Killed an electric golem
 37503 | WizLab   | Identified the +4 ring mail "Kytsa" {*Slow rPois Will++
                  | Int+3}
 37510 | WizLab   | Identified the ring of Liberty {Fire Str+4}
 37696 | Elf:1    | Noticed Tommers's ghost (journeyman DgDe)
 37702 | Elf:1    | Found a runed translucent door.
 37928 | Elf:1    | Reached XP level 19. HP: 159/159 MP: 15/15
 38378 | Elf:1    | Paralysed by an air elemental for 1 turns
 38540 | Elf:1    | Killed Tommers's ghost
 38783 | Elf:2    | Found a radiant altar of Vehumet.
 39172 | Elf:2    | Found a runed translucent gate.
 39172 | Elf:2    | Found a runed translucent gate.
 39177 | Elf:2    | Found a runed translucent gate.
 39934 | Elf:3    | Entered Level 3 of the Elven Halls
 39936 | Elf:3    | Paralysed by an air elemental for 1 turns
 40538 | Elf:3    | Identified the +0 plate armour "Okheon" {rF+}
 41002 | Elf:3    | Identified the +2 whip of Hepliaklqana, Growing {protect,
                  | Will+}
 41073 | Elf:3    | Identified the amulet "Voxosod" {Acrobat Dex+4}
 41114 | Elf:3    | Identified the +1 trident of Shrieking Terror {speed, Will+
                  | rCorr Str+3}
 41555 | Elf:3    | Identified the +7 shortbow of an ice cave {drain, Dex+2}
 41921 | Vaults:2 | Found Lorus Upti's Book Emporium.
 41944 | Vaults:2 | Found Faixuuta's Distillery.
 41955 | Vaults:2 | Found a flickering gateway to a bazaar.
 41961 | Bazaar   | Entered a bazaar
 41968 | Bazaar   | Found Soyxoo's Antique Weapon Shop.
 41994 | Bazaar   | Found Guquf's Assorted Antiques.
 42008 | Bazaar   | Found Ijiaff's Book Boutique.
 42036 | Bazaar   | Found Yxuxid's Weapon Boutique.
 42050 | Bazaar   | Found Vouxkeet's Book Shop.
 42134 | Bazaar   | Bought a scroll of revelation for 217 gold pieces
 42219 | Vaults:2 | Bought a potion of resistance for 160 gold pieces
 42219 | Vaults:2 | Bought a potion of attraction for 48 gold pieces
 42257 | Vaults:2 | Reached XP level 20. HP: 168/168 MP: 16/16
 42569 | Vaults:2 | Identified the +5 battleaxe of Abloj {spect, +Blink Fly
                  | rN+}
 42902 | Vaults:2 | Found Fijues's Antique Armour Shop.
 42913 | Vaults:2 | Bought a pair of glowing gloves for 225 gold pieces
 43607 | Vaults:3 | Found Nastrita's Jewellery Shoppe.
 43615 | Vaults:3 | Bought a ring of see invisible for 150 gold pieces
 43615 | Vaults:3 | Bought a granite talisman for 600 gold pieces
 43645 | Vaults:3 | Found Yborop's General Store.
 43696 | Vaults:3 | Bought a scroll of teleportation for 51 gold pieces
 43714 | Vaults:3 | Found a staircase to the Crypt.
 43843 | Vaults:3 | Identified the +7 scimitar of Raif {protect, Int+5}
 43984 | Vaults:3 | Found Julou's General Store.
 43992 | Vaults:3 | Bought a scroll of blinking for 90 gold pieces
 44455 | Vaults:3 | Found Coete's Jewellery Emporium.
 44771 | Vaults:4 | Reached skill level 5 in Shields
 45180 | Vaults:4 | Paralysed by a formless jellyfish for 1 turns
 45262 | Vaults:4 | Reached XP level 21. HP: 175/175 MP: 16/16
 45302 | Vaults:4 | Found Hekeulu's Spherical Supermarket.
 45864 | Vaults:4 | Found a runed translucent door.
 45866 | Vaults:4 | Noticed Adoajy's ghost (adept DsWr)
 46357 | Depths:1 | Entered Level 1 of the Depths
 46785 | Depths:1 | Found a one-way gate to the infinite horrors of the Abyss.
 46977 | Depths:1 | Found a runed translucent door.
 47107 | Depths:1 | Noticed Margery
 47212 | Depths:1 | Found a gateway to Hell.
 47279 | Depths:1 | Killed Margery
 48578 | Depths:2 | Noticed Nikola
 48601 | Depths:2 | Killed Nikola
 48817 | Depths:2 | Found a one-way gateway to a ziggurat.
 48849 | Depths:2 | Reached XP level 22. HP: 185/185 MP: 17/17
 48978 | Depths:2 | Identified the +7 great sword of Inflation {elec, rF++}
 49038 | Depths:2 | Found a one-way gate leading to the halls of Pandemonium.
 49993 | Depths:3 | Found a corrupted altar of Lugonu.
 50363 | Depths:3 | Reached skill level 10 in Shields
 50441 | Depths:3 | Got the Thoughts on the Airy Morgue
 50450 | Depths:3 | Found a burning altar of Makhleb.
 50462 | Depths:3 | Identified the +8 arbalest of the Mashing Priest {heavy,
                  | Dex+3}
 51037 | Depths:2 | Got the Book of the Violent Dead
 51053 | Depths:2 | Got Xeorch's Codex of Interference
 51086 | Depths:2 | Identified the +11 battleaxe "Dienkiru" {holy, +Blink Str+3
                  | Dex-5}
 51101 | Depths:2 | Identified the +5 dagger of Slime {vamp, +Blink}
 51311 | Depths:4 | Entered Level 4 of the Depths
 51525 | Depths:4 | Reached skill level 1 in Evocations
 51660 | Depths:4 | Noticed a juggernaut
 51667 | Depths:4 | Killed a juggernaut
 51857 | Depths:4 | Found a gate to the Realm of Zot.
 52320 | Depths:4 | Found a runed translucent door.
 52322 | Depths:4 | Noticed Qiwept's ghost (veteran BaIE)
 52555 | Depths:4 | Killed Qiwept's ghost
 52634 | Depths:4 | Found a runed translucent door.
 52638 | Depths:4 | Noticed Netoqem's ghost (veteran BaIE)
 52684 | Depths:4 | Killed Netoqem's ghost
 52838 | Depths:4 | Found a runed translucent door.
 52838 | Depths:4 | Noticed Himmaryad's ghost (adept TrMo)
 52870 | Depths:4 | Killed Himmaryad's ghost
 52956 | Depths:4 | Identified the +0 cloak of Fecih {Fly Stlth+}
 53045 | Depths:3 | Voluntarily entered the Abyss.
 53193 | Abyss:3  | Got an abyssal rune of Zot
 53255 | Abyss:3  | Reached XP level 23. HP: 169/169 MP: 18/18
 53321 | Depths:3 | Escaped the Abyss
 53368 | Zot:1    | Entered Level 1 of the Realm of Zot
 53381 | Zot:1    | Identified the +1 robe of Rawocuam {Str+5 Stlth+}
 53618 | Zot:1    | Acquired the +3 pair of boots of the Saviour {rF+}
 53729 | Zot:1    | Noticed Vv
 53743 | Zot:1    | Killed Vv
 54433 | Zot:2    | Reached skill level 5 in Evocations
 54510 | Zot:2    | Noticed an orb of fire
 54520 | Zot:2    | Gained mutation: You are weak. (Str -2) [an orb of fire]
 54767 | Zot:2    | Killed an orb of fire
 57085 | Zot:3    | Reached XP level 24. HP: 199/199 MP: 18/18
 57902 | Zot:4    | Noticed a Killer Klown
 58078 | Zot:4    | Killed a Killer Klown
 58545 | Zot:4    | Noticed a Killer Klown
 58556 | Zot:4    | Killed a Killer Klown
 58885 | Zot:5    | Entered Level 5 of the Realm of Zot
 59497 | Zot:5    | Noticed an orb of fire
 59759 | Zot:5    | Gained mutation: You are occasionally teleported next to
                  | monsters. [an orb of fire]
 59763 | Zot:5    | Gained mutation: You occasionally lose the ability to drink
                  | potions when taking damage. [an orb of fire]
 59764 | Zot:5    | Gained mutation: You have hidden genetic defects. [an orb
                  | of fire]
 59770 | Zot:4    | Gained mutation: You are clumsy. (Dex -2) [an orb of fire]
 59771 | Zot:4    | Killed an orb of fire
 59836 | Zot:5    | Noticed a dread lich
 59837 | Zot:5    | Noticed an orb of fire
 59845 | Zot:5    | Killed a dread lich
 59849 | Zot:5    | Killed an orb of fire
 59853 | Zot:5    | Noticed a Killer Klown
 59859 | Zot:5    | Noticed an orb of fire
 59875 | Zot:5    | Killed an orb of fire
 59884 | Zot:5    | Killed a Killer Klown
 59919 | Zot:5    | Noticed an orb of fire
 59919 | Zot:5    | Noticed an ancient lich
 59919 | Zot:5    | Noticed a dread lich
 59919 | Zot:5    | Noticed a Killer Klown
 59919 | Zot:5    | Noticed an orb of fire
 59919 | Zot:5    | Gained mutation: You sometimes lose the ability to read
                  | scrolls when taking damage. [an orb of fire]
 59919 | Zot:5    | Noticed an ancient lich
 59919 | Zot:5    | Noticed a dread lich
 59932 | Zot:5    | Killed an orb of fire
 60084 | Zot:5    | Gained mutation: Your body sometimes deteriorates upon
                  | taking damage. [hidden defects]
 60249 | Zot:5    | Noticed a dread lich
 60253 | Zot:5    | Killed a dread lich
 60257 | Zot:5    | Reached XP level 25. HP: 209/209 MP: 9/18
 60346 | Zot:5    | Killed an ancient lich
 60376 | Zot:5    | Killed an ancient lich
 60451 | Zot:5    | Killed a dread lich
 60483 | Zot:5    | Killed a dread lich
 60503 | Zot:5    | Gained mutation: You sometimes lose the ability to drink
                  | potions when taking damage. [an orb of fire]
 60505 | Zot:5    | Gained mutation: You are very frail. (-20% HP) [an orb of
                  | fire]
 60512 | Zot:5    | Killed an orb of fire
 60536 | Zot:5    | Gained mutation: Your body often deteriorates upon taking
                  | damage. [hidden defects]
 60536 | Zot:5    | Lost mutation: You have hidden genetic defects. [hidden
                  | defects expressed]
 60792 | Zot:5    | Lost mutation: You are clumsy. (Dex -2) [potion of
                  | mutation]
 60792 | Zot:5    | Lost mutation: Your body often deteriorates upon taking
                  | damage. [potion of mutation]
 60792 | Zot:5    | Lost mutation: You are occasionally teleported next to
                  | monsters. [potion of mutation]
 60792 | Zot:5    | Gained mutation: Your system is resistant to poisons.
                  | (rPois) [potion of mutation]
 60792 | Zot:5    | Lost mutation: Your body sometimes deteriorates upon taking
                  | damage. [potion of mutation]
 60792 | Zot:5    | Gained mutation: You possess an exceptional clarity of
                  | mind. [potion of mutation]
 60793 | Zot:5    | Lost mutation: You are weak. (Str -2) [potion of mutation]
 60793 | Zot:5    | Lost mutation: You are very frail. (-20% HP) [potion of
                  | mutation]
 60793 | Zot:5    | Lost mutation: Your system is resistant to poisons. (rPois)
                  | [potion of mutation]
 60793 | Zot:5    | Gained mutation: You have a pair of small antennae on your
                  | head. [potion of mutation]
 60794 | Zot:5    | Lost mutation: You have a pair of small antennae on your
                  | head. [potion of mutation]
 60794 | Zot:5    | Lost mutation: You sometimes lose the ability to read
                  | scrolls when taking damage. [potion of mutation]
 60794 | Zot:5    | Gained mutation: You expend magic power (3 MP) to
                  | strengthen your wands. [potion of mutation]
 60795 | Zot:5    | Lost mutation: You expend magic power (3 MP) to strengthen
                  | your wands. [potion of mutation]
 60795 | Zot:5    | Lost mutation: You possess an exceptional clarity of mind.
                  | [potion of mutation]
 60795 | Zot:5    | Gained mutation: You possess an exceptional clarity of
                  | mind. [potion of mutation]
 60795 | Zot:5    | Gained mutation: Your system is resistant to poisons.
                  | (rPois) [potion of mutation]
 60795 | Zot:5    | Gained mutation: You have sharp toenails. [potion of
                  | mutation]
 60795 | Zot:5    | Gained mutation: Your large and strong wings let you fly.
                  | [potion of mutation]
 60796 | Zot:5    | Lost mutation: Your large and strong wings let you fly.
                  | [potion of mutation]
 60796 | Zot:5    | Lost mutation: You have sharp toenails. [potion of
                  | mutation]
 60796 | Zot:5    | Lost mutation: You occasionally lose the ability to read
                  | scrolls when taking damage. [potion of mutation]
 60796 | Zot:5    | Gained mutation: Your muscles are strong. (Str +4, Int/Dex
                  | -1) [potion of mutation]
 60796 | Zot:5    | Gained mutation: You are somewhat resistant to further
                  | mutation. [potion of mutation]
 60828 | Zot:5    | Got the Orb of Zot
 61012 | Depths:1 | Noticed a seraph
 61322 | D:$      | Escaped with the Orb!

Illustrated notes

Levels and vault maps discovered:
D:1:      lemuel_arrival_hallway, layout_basic,
          hellmonk_ecumenical_altar_zigzags, minmay_misc_feat_x,
          due_unseen_surprise
D:2:      minmay_thinvault, layout_loops_ring, grunt_ministairs_7
D:3:      layout_loops_cross
D:4:      layout_basic, nicolae_overflow_hidden_temple,
          minmay_temple_entry_enclosed_plants, nrook_mini_vaults, uniq_sigmund
D:5:      layout_rooms, uniq_duvessa
D:6:      layout_basic, kennysheep_little_box, slow_altar_1, fedhas_altar_1,
          uniq_menkaure
D:7:      layout_basic, lemuel_coloured_pillars_altar,
          nicolae_sif_muna_little_library, serial_shops,
          nicolae_shop_pleasant_corner_grove
D:8:      layout_loops_ring, kennysheep_potato, uniq_psyche, uniq_pikel
D:9:      layout_basic, lemuel_round_altar, serial_shops, nicolae_stop_n_shop_2
D:10:     layout_loops_ring
D:11:     layout_loops_ring, david_lair_generic, nooodl_orcs_dogs, uniq_lodul,
          uniq_maurice, uniq_josephine
D:12:     layout_grid_maze, orc_0_dummy, hangedman_stone_soup, uniq_azrael,
          uniq_jorgrun, uniq_nessos
D:13:     layout_big_octagon, hellmonk_vaults_attempted_burglary
D:14:     layout_roguey, serial_corexii_hall, chequers_hall_statues_corner_a,
          corexii_hall_statues_deadend, minmay_fractal_squares_gapless_5,
          uniq_louise
D:15:     gammafunk_enter_depths_forms, layout_cave_pools, serial_park_tiny_1,
          uniq_rupert
Temple:   dshaligram_water_room_temple
Lair:1:   layout_gridlike, lemuel_fruit_tree
Lair:2:   lemuel_ratsnest, layout_long_grid, minmay_swamp_entry_wisps,
          serial_bayou_shore_a, infiniplex_staircase_pool_2
Lair:3:   layout_gridlike, nicolae_spider_entry_tight_spaces, serial_bayou,
          serial_bayou_lake_a, serial_bayou_pond_a, serial_bayou_lagoon_b,
          serial_bayou_ford_a, grunt_forest_stairs_basic,
          nicolae_quartered_pool_medium, st_stairs_4,
          hangedman_lair_unloving_vines, minivault_27, hangedman_tree_tricks
Lair:4:   gammafunk_mikee_crab_dinner, layout_regular_city, grunt_megastairs_1
Lair:5:   gammafunk_lair_ancient_temple, layout_big_grid,
          minmay_slime_entry_pillars, chequers_serial_rivers_micro_d
Swamp:1:  layout_falls_marsh, ebering_ghost_funeral_grove, serial_swamp_ruin,
          evilmike_swamp_ruin_wall, evilmike_swamp_ruin_rubble_1
Swamp:2:  layout_basic_swamp, evilmike_swamp_ruin_house_1, swamp_pool_1_2
Swamp:3:  layout_basic_swamp, evilmike_swamp_ruin_house_3
Swamp:4:  swamp, layout_basic_swamp, hellmonk_ghost_happy_afterlife,
          swamp_pool_1_2
Spider:1: layout_cave_pods, nicolae_looking_at_the_future
Spider:2: nicolae_spider_hilbert_zone_7 [nicolae_spider_hilbert_4_sides_1_open,
          nicolae_spider_hilbert_4_sides_1_open,
          nicolae_spider_hilbert_4_sides_1_open,
          nicolae_spider_hilbert_4_sides_1_open,
          nicolae_spider_hilbert_3_sides_1_open,
          nicolae_spider_hilbert_3_sides_1_open,
          nicolae_spider_hilbert_3_sides_1_open,
          nicolae_spider_hilbert_3_sides_1_open,
          nicolae_spider_hilbert_4_sides_1_open,
          nicolae_spider_hilbert_4_sides_1_open,
          nicolae_spider_hilbert_4_sides_1_open,
          nicolae_spider_hilbert_2_sides_1_open,
          nicolae_spider_hilbert_2_sides_1_open,
          nicolae_spider_hilbert_2_sides_1_open,
          nicolae_spider_hilbert_2_sides_1_open,
          nicolae_spider_hilbert_2_sides_1_open,
          nicolae_spider_hilbert_2_sides_1_open]
Spider:3: layout_cave_pods, hangedman_spider_tarantella_strand
Spider:4: hellmonk_spider_rune_endless_swarm
Orc:1:    layout_caves, nicolae_orc_stalacmites, trog_butcher_becter
Orc:2:    st_orc_pillars, layout_diamond_mine
Elf:1:    eino_elf_arrival_sip, layout_geoelf_diagonals, mu_enter_wizlab_6,
          hellmonk_ghost_big_iron, nicolae_elf_crossing_hall
Elf:2:    nicolae_elf_blades_splatter_lattice [mumra_blade_entry_dagger],
          layout_gridlike, basic_altar, kilobyte_mutagenic_chamber
Elf:3:    minmay_elf_hall_not_hex, layout_geoelf_grid
Vaults:1: nicolae_vaults_shipping_containers_7,
          nicolae_vaults_closet_pinwheel_3, vaults_room_large_hall, v_misc_27,
          nicolae_vaults_doubleplus_tesselated, nicolae_vaults_little_squares_6,
          nicolae_vaults_network_star, hangedman_vaults_trim,
          nicolae_vaults_what_the_h, nicolae_vaults_layer_cake_slice,
          vaults_room_door_ring, nicolae_vaults_little_squares_1,
          nicolae_vaults_octothorpe, layout_vaults_ring, serial_shops,
          nicolae_shop_hallway_stairs
Vaults:2: ontoclasm_vaults_claustrophobia, nicolae_vaults_sightless_eye,
          v_alt_pattern_4, hangedman_vaults_slice, hangedman_vaults_unwind,
          ontoclasm_vaults_chip, nicolae_vaults_crenellated_ambush,
          nicolae_vaults_shrinking_rooms_2, nicolae_vaults_six-pack,
          nicolae_vaults_swerve, nicolae_vaults_tetromino_L_1,
          vaults_dpeg_doors, nicolae_vaults_little_squares_4,
          layout_vaults_maze, serial_shops, bzr_entry_safe, shop_fountains,
          shop_fountains, shop
Vaults:3: minmay_crypt_entry_simple_plaza, hangedman_vaults_corner_blocks,
          nicolae_vaults_disjoint_gnomons, ontoclasm_vaults_loading_screen,
          vaults_room_pool, v_misc_3, hangedman_vaults_stitches,
          hangedman_vaults_nodes, ontoclasm_vaults_fault, v_alt_pattern_6,
          nicolae_vaults_stepped_doors, vaults_room_hallway,
          layout_vaults_omnibox, serial_shops, nicolae_shop_tiny_statue_garden,
          nicolae_square_shop, nicolae_shop_crystal, nicolae_shop_trees
Vaults:4: ebering_ghost_reflecting_pool, tekkud_shop_of_orbs, v_misc_23,
          v_misc_9, vaults_mumra_hexcomb, ontoclasm_vaults_idyll,
          vaults_room_corners, dpeg_vaults_monster_box, nicolae_vaults_six-pack,
          v_misc_19, serial_ice_g, layout_vaults_omnigrid
Depths:1: layout_gridville, grunt_metal_band,
          nicolae_abyss_entry_one_way_or_another,
          nicolae_concentric_dashed_squares_mild, nicolae_benzene_ring,
          st_stairs_9, lightli_gold_pyramid
Depths:2: minmay_skeletal_surprise, layout_cave_pools, enter_ziggurat_e,
          grunt_pan_entry_zigzag, serial_co_window_serial, co_window_corner_a,
          co_window_paths_a, co_window_paths_b, co_window_paths_a,
          co_window_of_opportunity_a, co_window_of_opportunity_a,
          co_window_of_opportunity_a, co_window_broadway_c,
          co_window_of_opportunity_b, co_window_cross_2, glass_columns_a,
          hell_entry, uniq_nikola
Depths:3: evilmike_makhleb_hellhole, layout_cave_shapes,
          infiniplex_staircase_spiral_double, grunt_hell_entry_dis_old,
          abyss_entry_flame_altar
Depths:4: grunt_x_marks_the_spot, layout_gridlike, serial_bayou,
          serial_bayou_crossing, serial_bayou_shore_b, serial_bayou_pond_d,
          serial_bayou_lagoon_a, serial_bayou_pond_a, serial_bayou_pond_d,
          muffindrake_ghost_three_little_ghosts, hell_entry
Zot:1:    layout_gridlike, uniq_vv
Zot:2:    kennysheep_oblong_rooms, layout_twisted_circle,
          regret_index_zotdec_ex, zot_minivault_4
Zot:3:    layout_gridlike, grunt_megastairs_5
Zot:4:    layout_misc_corridors, hangedman_hellfire_club, lemuel_elevator,
          uniq_josephina
Zot:5:    layout_basic

Skill      XL: |  1  2  3  4  5  6  7  8  9 10 11 12 13 14 15 16 17 18 19 20 21 22 23 24 25 |
---------------+----------------------------------------------------------------------------+-----
Dodging        | 2 3 4 5 7 8 9 10 13 15 16 17 18 19 20 | 20.7
Shapeshifting  | 4 5 6 7 10 11 12 14 15 16 17 19 21 22 23 24 | 24.6
Fighting       | 2 3 4 5 6 9 10 11 12 13 14 15 16 17 18 19 20 21 | 21.8
Unarmed Combat | 4 5 6 8 10 13 14 16 17 18 19 20 22 23 24 | 24.1
Shields        | 3 4 5 9 11 | 11.2
Evocations     | 3 7 9 |  9.9

Action                     |  1- 3 |  4- 6 |  7- 9 | 10-12 | 13-15 | 16-18 | 19-21 | 22-24 | 25-27 || total
---------------------------+-------+-------+-------+-------+-------+-------+-------+-------+-------++-------
  Melee: Unarmed           |    81 |   116 |   279 |  1469 |  1519 |  1175 |  1152 |  1130 |    74 ||  6995
         Tailslap          |     8 |    12 |    39 |   279 |   353 |   268 |   195 |   195 |    13 ||  1362
         Punch             |       |     4 |    13 |       |       |    17 |   125 |   182 |    11 ||   352
         Bite              |       |       |       |       |       |    21 |   156 |   156 |    13 ||   346
 Invoke: Sacrifice Arcana  |       |       |     1 |       |       |       |       |       |       ||     1
         Sacrifice Courage |       |       |       |     1 |       |       |       |       |       ||     1
         Sacrifice Experie |       |       |       |     1 |       |       |       |       |       ||     1
         Draw Out Power    |       |       |       |     3 |     1 |       |       |       |       ||     4
         Power Leap        |       |       |       |     1 |       |       |       |       |       ||     1
         Sacrifice Health  |       |       |       |     1 |       |       |       |       |       ||     1
         Reject Sacrifices |       |       |       |     2 |       |       |       |       |       ||     2
         Apocalypse        |       |       |       |     1 |     8 |     5 |     2 |     5 |     1 ||    22
         Sacrifice Stealth |       |       |       |       |     1 |       |       |       |       ||     1
         Sacrifice Essence |       |       |       |       |     1 |     1 |       |       |       ||     2
Ability: Begin Untransform |       |       |     1 |       |       |     2 |     3 |     3 |       ||     9
  Evoke: Wand              |       |       |       |     3 |       |       |       |       |     6 ||     9
    Use: Potion            |       |     3 |     1 |     3 |     1 |     2 |       |     9 |     9 ||    28
         Scroll            |       |       |     6 |     9 |    17 |     3 |     1 |    13 |     1 ||    50
   Stab: Sleeping          |       |     3 |       |       |       |       |       |       |       ||     3
         Invisible         |       |       |       |     8 |     7 |    16 |     7 |    10 |       ||    48
         Distracted        |       |       |       |    10 |     9 |     5 |     7 |     5 |       ||    36
         Petrified         |       |       |       |     3 |       |       |       |       |       ||     3
         Paralysed         |       |       |       |     5 |     8 |     9 |     8 |     8 |     2 ||    40
 Armour: Skin              |    46 |    49 |   183 |   548 |   666 |   531 |   755 |   723 |    56 ||  3557
  Dodge: Dodged            |    50 |    60 |   189 |  1036 |  1537 |  1243 |   763 |   772 |    30 ||  5680
  Block: Other             |       |       |       |   227 |    12 |       |       |       |       ||   239
         Reflection        |       |       |       |     7 |     3 |       |       |       |       ||    10
         Kite shield       |       |       |       |       |       |       |    10 |       |       ||    10
   Form: Flux              |       |       |     1 |       |       |       |       |       |       ||     1
         Dragon            |       |       |       |       |       |     2 |     2 |     2 |       ||     6
         Statue            |       |       |       |       |       |       |     1 |       |       ||     1
         Storm             |       |       |       |       |       |       |       |     1 |       ||     1
